AoeStats
← CazadorGT

MegaRandom

505928275Analyzed
2v2 RM · 22d ago on Sep 11, 2026· 34m 30s· 4 players
Game mode
Random Map
Map size
Medium (4 player)
Population
200
Speed
Normal
Resources
Standard
Victory
Conquest
Starting age
Dark Age
Ending age
Imperial Age
RankedLock teamsTeams togetherTeam positionsShared explorationLock speedFull tech treeHidden civsTurbo modeCheats
Victory
Defeat
🇬🇹 Mongols · Guatemala
1023
+14
🇮🇹 Persians · Italy
940
+17
983
-16
🇺🇸 Poles · United States
968
-15
joseloren29
6:43 Loom
13:50 Feudal Age
19:41 Castle Age
18:30 Double-Bit Axe
18:42 Stone Mining
19:51 Horse Collar
Волк в сапогах
3:35 Loom
12:07 Feudal Age
13:10 Town Watch
CazadorGT
0:41 Loom
10:46 Feudal Age
12:05 Double-Bit Axe
15:21 Castle Age
14:23 Forging
14:33 Gold Mining
14:34 Stone Mining
14:28 Horse Collar
15:17 Scale Barding Armor
16:43 Iron Casting
16:33 Fletching
23:22 Bodkin Arrow
25:26 Gold Shaft Mining
24:53 Padded Archer Armor
26:47 Bow Saw
31:08 Imperial Age
30:28 Wheelbarrow
30:56 Ballistics
31:51 Bracer
31:19 Elite Mangudai
32:56 Leather Archer Armor
34:01 Conscription
35:43 Chemistry
verbumdei76
1:41 Loom
10:09 Feudal Age
13:00 Town Watch
16:35 Castle Age
19:35 Forging
21:49 Wheelbarrow
29:19 Scale Barding Armor
32:32 Horse Collar
Connection lost

Rejoining the realm…

Still unreachable

The connection could not be restored.

Session expired

The server has moved on; the page needs a fresh start.